Map: Ascension to Aiur LE

Players

Lambo - Winner!

  • Race: Zerg Zerg
  • Spawn Location: 11:00

NoRegreT

  • Race: Zerg Zerg
  • Spawn Location: 5:00

Event: WCS Montreal 2017

VOD

Have the link to the VOD?

Description

Time

  • Played on: Sept. 8, 2017, 4:02 p.m.
  • Length: 11:02

All games in this series

Show
View Real Time Build Order
Export as new Build Order

Lambo Zerg - Winner!

Build Orders: Hatch First 

Get SALT Encoding   

  12  0:01  Drone  
  13  0:12  Overlord  
  13  0:16  Drone  
  14  0:30  Drone x2  
  14  0:34  Drone  
  17  0:50  Hatchery  
  17  0:53  Drone  
  17  0:57  Drone  
  18  1:07  Extractor  
  17  1:12  Spawning Pool  
  17  1:15  Drone  
  17  1:17  Drone  
  18  1:28  Drone  
  19  1:40  Overlord  
  19  1:50  Drone  
  20  1:58  Queen  
  20  2:00  Zergling x2  
  23  2:01  Queen  
  23  2:02  Zergling x2  
  23  2:07  Metabolic Boost  
  26  2:11  Drone  
  26  2:13  Drone  
  28  2:24  Drone x2  
  28  2:29  Baneling Nest  
  29  2:34  Queen  
  29  2:35  Zergling x2  
  32  2:37  Drone  
  33  2:44  Drone  
  33  2:48  Overlord  
  34  2:59  Drone x2  
  36  3:07  Drone x2  
  36  3:10  Overlord, Drone  
  36  3:11  Drone x2  
  41  3:15  Drone x2  
  43  3:22  Baneling x2  
  43  3:32  Drone x4  
  46  3:39  Evolution Chamber, Baneling x3  
  46  3:40  Roach Warren  
  44  3:42  Zergling x4  
  44  3:45  Zergling x6  
  44  3:46  Zergling x2  
  51  3:48  Extractor, Drone  
  51  3:49  Extractor  
  51  3:55  Overlord  
  49  3:59  Drone x2  
  49  4:01  Baneling  
  51  4:06  Overlord  
  51  4:08  Drone  
  52  4:16  Baneling x2  
  50  4:17  Overlord  
  50  4:20  Roach x2  
  50  4:21  Roach  
  50  4:22  Drone x2  
  50  4:23  Roach  
  58  4:25  Drone  
  58  4:26  Drone  
  60  4:33  Zerg Missile Weapons Level 1  
  59  4:40  Ravager  
  59  4:45  Roach x3  
  65  4:46  Roach  
  67  4:58  Baneling x2  
  67  5:04  Hatchery  
  67  5:05  Lair  
  66  5:08  Overlord  
  66  5:09  Overlord  
  66  5:12  Roach  
  66  5:13  Roach  
  70  5:15  Drone x2  
  70  5:16  Drone  
  73  5:23  Overlord  
  73  5:31  Roach  
  73  5:32  Roach x2  
  78  5:42  Roach x3  
  84  5:48  Roach x3  
  90  5:50  Zergling x2  
  91  5:59  Drone x2  
  91  6:00  Drone x2  
  91  6:03  Glial Reconstitution  
  93  6:08  Drone x5  
  98  6:16  Roach  
  100  6:20  Roach x2  
  102  6:27  Roach, Zergling x6  
  105  6:33  Queen  
  105  6:35  Overlord  
  105  6:37  Overlord  
  97  6:40  Roach x4  
  97  6:43  Extractor  
  97  6:44  Roach  
  106  6:51  Zerg Missile Weapons Level 2  
  106  6:53  Drone  
  106  6:54  Drone x2  
  108  6:59  Roach x2  
  112  7:03  Overlord  
  112  7:09  Roach x3  
  112  7:11  Hatchery  
  117  7:18  Overlord  
  117  7:25  Roach x4  
  117  7:28  Overlord  
  121  7:30  Queen  
  121  7:32  Roach x2  
  121  7:33  Roach  
  121  7:35  Overlord  
  129  7:37  Overlord  
  129  7:42  Overlord  
  128  7:46  Overlord  
  128  7:49  Drone x4  
  128  7:50  Drone x2  
  133  7:53  Extractor  
  133  7:57  Tunneling Claws, Burrow  
  133  7:58  Roach  
  132  8:03  Drone x3  
  135  8:06  Overseer  
  135  8:07  Roach x2  
  139  8:15  Roach x3  
  145  8:24  Queen  
  145  8:25  Overlord  
  145  8:26  Roach x2  
  145  8:27  Roach  
  153  8:31  Overlord  
  153  8:34  Roach x2  
  157  8:41  Overlord  
  157  8:44  Roach  
  157  8:45  Hydralisk Den, Extractor  
  159  8:48  Roach x2  
  159  8:49  Spine Crawler  
  162  8:55  Roach  
  162  8:56  Roach x3  
  162  8:59  Roach  
  162  9:00  Roach  
  162  9:01  Drone x2  
  174  9:04  Roach x2  
  180  9:10  Ravager x2  
  180  9:12  Roach  
  180  9:13  Roach  
  180  9:14  Drone  
  185  9:19  Roach x3  
  191  9:26  Roach x4  
  199  9:37  Roach x2  
  199  9:40  Roach x5  
  199  9:41  Overlord  
  199  9:44  Roach x4  
  199  9:56  Overlord  
  199  9:58  Overseer  
  197  10:07  Roach  
  197  10:08  Roach  
  197  10:09  Roach  
  197  10:10  Roach x4  
  179  10:15  Roach x9  
  179  10:18  Roach x7  
  193  10:24  Roach x4  
  199  10:30  Roach x31  
  199  10:32  Spore Crawler x3, Roach  
  199  10:33  Spore Crawler  
  195  10:39  Overlord  
  195  10:42  Overlord  
Show
View Real Time Build Order
Export as new Build Order

NoRegreT Zerg 

Build Orders: Hatch First 

Get SALT Encoding   

  12  0:02  Drone  
  13  0:13  Overlord  
  13  0:16  Drone  
  14  0:31  Drone  
  14  0:32  Drone  
  17  0:35  Drone  
  17  0:51  Hatchery  
  17  0:55  Drone  
  17  0:59  Extractor  
  16  1:12  Spawning Pool  
  16  1:16  Drone  
  16  1:19  Drone  
  16  1:22  Drone  
  18  1:31  Drone  
  19  1:40  Overlord  
  19  1:50  Drone  
  20  1:58  Queen  
  23  2:01  Zergling x2  
  23  2:03  Zergling x2  
  23  2:05  Queen  
  26  2:10  Metabolic Boost  
  26  2:15  Drone  
  27  2:17  Drone  
  28  2:23  Drone  
  28  2:26  Drone  
  30  2:36  Baneling Nest  
  30  2:37  Drone x2  
  31  2:46  Overlord  
  31  2:58  Zergling x2  
  31  3:05  Zergling x2  
  32  3:06  Zergling x4  
  32  3:10  Zergling x2  
  32  3:12  Zergling x2  
  36  3:14  Zergling x2  
  37  3:32  Hatchery  
  37  3:33  Zergling x2, Baneling x3  
  37  3:35  Zergling x10  
  42  3:41  Zergling x2  
  42  3:43  Evolution Chamber  
  42  3:44  Zergling x2  
  42  3:48  Overlord  
  38  3:55  Zergling x2  
  38  3:56  Zergling x2  
  38  3:57  Zergling x2  
  38  3:58  Baneling x2  
  38  3:59  Drone x2  
  38  4:01  Zergling x2  
  43  4:07  Drone  
  43  4:10  Drone  
  43  4:11  Drone  
  43  4:19  Drone x2  
  45  4:26  Zerg Missile Weapons Level 1  
  45  4:27  Drone  
  45  4:29  Roach Warren  
  45  4:33  Drone x2  
  45  4:36  Drone  
  46  4:43  Drone x3  
  46  4:44  Drone  
  48  4:46  Drone  
  48  4:48  Extractor  
  48  4:51  Queen  
  50  4:55  Drone  
  50  4:59  Drone x3  
  54  5:11  Overlord  
  54  5:14  Roach  
  54  5:15  Roach  
  54  5:16  Overlord  
  58  5:21  Overlord  
  58  5:23  Lair  
  57  5:31  Roach x2  
  57  5:32  Roach  
  57  5:38  Roach  
  57  5:39  Drone x6  
  65  5:43  Roach, Extractor  
  65  5:45  Roach  
  65  5:49  Roach  
  70  5:53  Zergling x6  
  70  5:54  Zergling x2  
  74  6:03  Zergling x2  
  75  6:04  Zergling x2  
  75  6:06  Zergling x8  
  75  6:10  Drone x3  
  82  6:13  Overlord  
  81  6:21  Zergling x4  
  81  6:22  Zergling x6  
  80  6:26  Zergling x2  
  80  6:28  Zergling x2  
  79  6:33  Zergling x2  
  79  6:35  Zergling x6  
  79  6:37  Zergling x4  
  79  6:38  Zergling x2  
  80  6:40  Zergling x2  
  80  6:41  Zergling x4  
  80  6:42  Zergling x2, Glial Reconstitution  
  80  6:44  Roach  
  86  6:47  Zerg Missile Weapons Level 2  
  86  6:49  Roach  
  86  6:51  Roach  
  90  7:01  Overlord  
  90  7:07  Overlord  
  90  7:12  Overlord  
  90  7:21  Roach x2  
  90  7:22  Roach x2  
  98  7:25  Roach  
  98  7:27  Roach  
  94  7:30  Roach x2  
  94  7:33  Roach x4  
  94  7:36  Roach  
  105  7:38  Roach  
  105  7:44  Zergling x8  
  105  7:45  Roach x2  
  105  7:46  Roach  
  113  7:58  Overlord  
  112  8:02  Overlord  
  112  8:13  Roach  
  112  8:14  Roach  
  112  8:17  Roach x4  
  112  8:19  Roach  
  121  8:21  Drone  
  121  8:22  Drone x3  
  121  8:24  Roach x3  
  128  8:36  Roach  
  128  8:42  Overlord  
  128  8:43  Zergling x2  
  128  8:47  Overlord  
  129  8:49  Extractor x2, Spire  
  129  8:50  Extractor, Drone x4  
  129  8:59  Drone  
  129  9:00  Overlord  
  129  9:02  Drone x2  
  132  9:03  Drone  
  132  9:04  Drone x3  
  132  9:05  Drone  
  137  9:11  Drone x2  
  137  9:14  Roach x2  
  145  9:17  Roach  
  145  9:20  Roach  
  145  9:22  Roach  
  145  9:24  Roach  
  151  9:26  Roach  
  153  9:33  Roach  
  154  9:39  Overlord  
  154  9:40  Overlord  
  154  9:52  Overlord  
  154  9:53  Overseer  
  154  9:56  Overlord  
  154  10:00  Mutalisk x2  
  154  10:01  Mutalisk  
  154  10:03  Mutalisk x4  
  164  10:11  Roach  
  164  10:13  Mutalisk  
  130  10:18  Roach  
  77  10:31  Overseer  
Tags
 
Add a new tag
Caveats
  • Supply blocks, unpowered buildings, or Contaminate may cause inaccurate times.
  • Supply counts are checked every 10 seconds.